 Dungeon Crawl Stone Soup version 0.21-a0-81-gc5150db (webtiles) character file.

5859 Ijustatesigmund the Fighter (level 10, -4/75 HPs)
             Began as an Octopode Assassin on June 22, 2017.
             Was an Elder of Okawaru.
             Slain by a red ugly thing (6 damage)
             ... on level 11 of the Dungeon on June 23, 2017.
             The game lasted 00:26:52 (7075 turns).

Ijustatesigmund the Fighter (Octopode Assassin)     Turns: 7075, Time: 00:26:52

Health: -4/75      AC:  3    Str: 10    XL:     10   Next: 81%
Magic:  14/16      EV: 20    Int: 18    God:    Okawaru [****..]
Gold:   408        SH:  0    Dex: 20    Spells: 9/9 levels left

rFire    . . .     SeeInvis .   a - +3 dagger
rCold    . . .     Gourm    .   (no shield)
rNeg     . . .     Faith    .   t - +2 hat
rPois    +         Spirit   .   w - amulet of regeneration
rElec    .         Reflect  .   n - +4 ring of intelligence
rCorr    .         Harm     .   q - ring of poison resistance
MR       .....                  x - ring of stealth
Stlth    +++++++...             E - +3 ring of dexterity
HPRegen  0.62/turn              (no ring)
MPRegen  0.15/turn              (no ring)
                                (no ring)
                                (no ring)

@: heroism
A: almost no armour, stealthy swim, amphibious, 8 rings, constrict 8, camouflage
1, gelatinous body 1
a: Heroism, Renounce Religion


You were on level 11 of the Dungeon.
You worshipped Okawaru.
Okawaru was greatly pleased with you.
You were hungry.

You visited 2 branches of the dungeon, and saw 10 of its levels.
You also visited: Ossuary.

You collected 408 gold pieces.

Inventory:

Hand Weapons
 a - a +3 dagger (weapon)
 b - a +0 blowgun
Missiles
 c - 21 poisoned needles
 d - a curare-tipped needle
Armour
 t - a +2 hat (worn)
Jewellery
 n - a +4 ring of intelligence (left tentacle)
 q - a ring of poison resistance (right tentacle)
 w - an amulet of regeneration (around mantle)
 x - a ring of stealth (on tentacle)
 E - a +3 ring of dexterity (on tentacle)
Wands
 l - a wand of random effects (35/48)
 o - a wand of digging (20/24)
 u - a wand of random effects (40/48)
 y - a wand of scattershot (1/9)
 A - a wand of flame (27/48)
Scrolls
 g - 3 scrolls of enchant weapon
 k - 2 scrolls of immolation
 m - 3 scrolls of fog
 p - 3 scrolls of remove curse
Potions
 i - 3 potions of resistance
 j - a potion of lignification
 s - 3 potions of flight
 v - a potion of magic
 z - a potion of agility
 B - a potion of invisibility
 C - a potion of brilliance
Comestibles
 f - 9 bread rations
 h - 2 royal jellies
 r - 3 meat rations
 F - 5 fruits


   Skills:
 + Level 9.7(14.7) Fighting
 + Level 9.4(14.4) Short Blades
 - Level 2.0(7.0) Throwing
 - Level 4.1(9.1) Dodging
 - Level 5.3(10.3) Stealth
 + Level 8.5 Invocations


You had 9 spell levels left.
You didn't know any spells.

Dungeon Overview and Level Annotations

Branches:
Dungeon (8/15)             Temple (1/1) D:4            Lair (0/6) D:11

Altars:
Ashenzari
Cheibriados
Dithmenos
Elyvilon
Fedhas
Gozag
Hepliaklqana
Kikubaaqudgha
Makhleb
Nemelex Xobeh
Okawaru
Qazlal
Ru
Sif Muna
Trog
Uskayaw
Vehumet
Wu Jian
Xom
Yredelemnul
Zin
The Shining One

Shops:
D:6 %

Annotations:
D:7 TotoDurand's ghost, novice FoEE
D:8 TotoDurand's ghost, novice DsBe


Innate Abilities, Weirdness & Mutations

You cannot wear most types of armour.
You are very stealthy in the water. (Stealth+)
You are amphibious.
You can wear up to eight rings at the same time.
You can use your tentacles to constrict eight enemies at once.
Your skin changes colour to match your surroundings (Stealth+).
Your rubbery body absorbs attacks. (AC +1, EV +1)


Message History

You gain the combat prowess of a mighty hero.
You constrict the red ugly thing.
The red ugly thing completely misses you.
You feel better.
You constrict the red ugly thing. The red ugly thing barely misses you.
You feel better.
You constrict the red ugly thing. The red ugly thing headbutts you!
* * * LOW HITPOINT WARNING * * *
You are engulfed in flames!
* * * LOW HITPOINT WARNING * * *
The bullfrog gives a loud, deep croak!
You hit the red ugly thing but do no damage.
You tentacle-slap the red ugly thing.
The red ugly thing is moderately wounded.
You constrict the red ugly thing, but do no damage.
The worker ant misses you.
You hit the red ugly thing.
The red ugly thing is moderately wounded.
You constrict the red ugly thing. The red ugly thing headbutts you.
You die...

... .# #..... ... #.. #
...##.$ ## ....#..### #.
......F..####### #.
...#...........########)
.....................)..
#....@..............).
#...ua...############.
#.......(# #. ##.......#
#. #.......# #.
##......# #. #......# #.
##.....# #. #.....# #.


You could see a red ugly thing, a bullfrog and a worker ant.

Vanquished Creatures
  2 two-headed ogres (D:8)
  Pikel (D:6)
  Psyche (D:8)
  A troll (D:11)
  A hippogriff (D:5)
  A wraith (D:11)
  3 basilisks (D:11)
  3 yaks (D:11)
  The ghost of sagitran the Poker, an amateur DsGl (D:4)
  Duvessa (D:6)
  2 porcupines (D:11)
  An orc warrior (D:11)
  2 slaves (D:6)
  A phantom (D:6)
  2 ogres
  A crocodile (D:11)
  A centaur (D:7)
  A big kobold (D:7)
  A gnoll sergeant (D:6)
  A bullfrog (D:7)
  A water moccasin zombie (Ossuary)
  A wyvern skeleton (D:11)
  Dowan (D:6)
  2 howler monkeys (D:8)
  An electric eel (D:6)
  5 crimson imps
  A centaur zombie (D:5)
  2 orc priests (D:4)
  A bullfrog skeleton (D:4)
  4 hounds
  Crazy Yiuf (D:6)
  6 orc wizards
  An iguana (D:6)
  Natasha (twice) (D:2)
  A killer bee zombie (D:6)
  3 big kobold zombies (Ossuary)
  2 mummies (Ossuary)
  A worker ant zombie (D:7)
  8 gnolls
  7 adders
  6 adder zombies (Ossuary)
  An adder skeleton (D:5)
  4 worms
  3 dart slugs
  5 leopard geckos
  22 orcs
  5 giant cockroaches
  2 gnoll zombies (Ossuary)
  10 goblins
  7 hobgoblins
  A quokka (D:2)
  A ball python (D:3)
  11 bats
  7 frilled lizards
  3 hobgoblin zombies (Ossuary)
  14 kobolds
  6 kobold zombies (Ossuary)
  10 orc zombies (Ossuary)
  10 rats
207 creatures vanquished.

Vanquished Creatures (others)
  A hound skeleton (D:6)
  A fungus (D:11)
  7 plants
9 creatures vanquished.

Grand Total: 216 creatures vanquished

Notes
Turn   | Place    | Note
-------+----------+-------------------------------------------
     0 | D:1      | Ijustatesigmund the Octopode Assassin began the quest for the Orb.
     0 | D:1      | Reached XP level 1. HP: 14/14 MP: 1/1
   138 | D:1      | Reached XP level 2. HP: 19/19 MP: 2/2
   567 | D:2      | Reached XP level 3. HP: 25/25 MP: 3/3
   906 | D:2      | Noticed Natasha
   917 | D:2      | Killed Natasha
   917 | D:2      | Reached XP level 4. HP: 20/31 MP: 4/4
  1340 | D:2      | Noticed Natasha
  1344 | D:2      | Killed Natasha
  1953 | D:3      | Reached XP level 5. HP: 37/37 MP: 5/5
  2012 | D:3      | Found a radiant altar of Vehumet.
  3025 | D:4      | Reached XP level 6. HP: 41/44 MP: 6/6
  3140 | D:4      | Noticed sagitran's ghost (amateur DsGl)
  3152 | D:4      | Killed sagitran's ghost
  3377 | D:4      | Reached skill level 5 in Fighting
  3377 | D:4      | Reached XP level 7. HP: 50/50 MP: 7/7
  3559 | D:4      | Found a staircase to the Ecumenical Temple.
  3566 | Temple   | Entered the Ecumenical Temple
  3667 | Temple   | Became a worshipper of Warmaster Okawaru
  3744 | D:4      | Reached skill level 5 in Short Blades
  3832 | D:5      | Entered Level 5 of the Dungeon
  4098 | D:5      | Found a sand-covered staircase.
  4103 | Ossuary  | Entered an ossuary
  4287 | Ossuary  | Reached skill level 1 in Invocations
  4455 | D:5      | Reached XP level 8. HP: 49/57 MP: 9/9
  4513 | D:5      | Reached * piety under Okawaru
  4518 | D:5      | Noticed a hippogriff
  4657 | D:5      | Killed a hippogriff
  4774 | D:6      | Found Haet's Food Emporium.
  4862 | D:6      | Noticed Pikel
  4869 | D:6      | Upgraded the game from 0.21-a0-79-g04744e2 to 0.21-a0-81-gc5150db
  4916 | D:6      | Killed Pikel
  4916 | D:6      | Reached ** piety under Okawaru
  4916 | D:6      | Reached XP level 9. HP: 12/63 MP: 8/12
  5018 | D:6      | Noticed Dowan
  5024 | D:6      | Killed Dowan
  5025 | D:6      | Noticed Duvessa
  5072 | D:6      | Killed Duvessa
  5429 | D:6      | Found a runed door.
  5433 | D:6      | Noticed Crazy Yiuf
  5437 | D:6      | Killed Crazy Yiuf
  5437 | D:6      | Reached skill level 5 in Invocations
  5915 | D:6      | Got a dazzling hunting sling
  5916 | D:6      | Identified the +1 hunting sling "Qeoleipu" {venom, Fragile rF+ MR+ Dex+3} (You found it on level 6 of the Dungeon)
  6055 | D:7      | Reached *** piety under Okawaru
  6183 | D:7      | Noticed TotoDurand's ghost (novice FoEE)
  6366 | D:8      | Noticed a two-headed ogre
  6376 | D:8      | Killed a two-headed ogre
  6499 | D:8      | Reached **** piety under Okawaru
  6499 | D:8      | Reached XP level 10. HP: 73/73 MP: 15/15
  6576 | D:8      | Noticed a two-headed ogre
  6600 | D:8      | Killed a two-headed ogre
  6624 | D:8      | Noticed Psyche
  6628 | D:8      | Noticed TotoDurand's ghost (novice DsBe)
  6639 | D:8      | Killed Psyche
  6809 | D:8      | You fall through a shaft for 3 floors!
  6809 | D:11     | Found a staircase to the Lair.
  7066 | D:11     | Noticed a red ugly thing
  7073 | D:11     | HP: 2/75 [red ugly thing (15)]
  7075 | D:11     | Slain by a red ugly thing

Vault maps used:
D:1:      ncdulo_watergridlock
D:2:      first_bread, lexackson_kobold_supper, uniq_natasha
D:3:      fiery_altar_vehumet
D:4:      minmay_temple_entry_overgrown, minmay_misc_feat_roman,
          grunt_decor_mini_mirrors
D:5:      enter_ossuary_2
D:6:      chequers_big_river, kennysheep_windowed_goal, uniq_pikel,
          uniq_crazy_yiuf_cottage, uniq_duvessa
D:8:      uniq_maurice, uniq_grum, uniq_psyche
D:11:     minmay_lair_entry_grove, enter_bailey_3, uniq_josephine
Temple:   kilobyte_greek_temple
Ossuary:  ossuary_tomb_2

Skill      XL: |  1  2  3  4  5  6  7  8  9 10 |
---------------+-------------------------------+-----
Fighting       | 3 4 5 6 8 9 |  9.7
Short Blades   | 3 4 5 6 8 9 |  9.4
Dodging        | 2 3 4 |  4.1
Invocations    | 1 4 6 8 |  8.5
Throwing       | |  2.0
Stealth        | |  5.3

Action                   |  1- 3 |  4- 6 |  7- 9 | 10-12 || total
-------------------------+-------+-------+-------+-------++-------
Melee: Dagger            |    54 |   109 |   336 |    87 ||   586
       Constrict         |    10 |    24 |    64 |     5 ||   103
       Tentacles         |     2 |    25 |    75 |    19 ||   121
       Punch             |       |       |     3 |     3 ||     6
 Fire: Blowgun           |       |     6 |    17 |    10 ||    33
Invok: Heroism           |       |       |     7 |     5 ||    12
Evoke: Wand              |       |       |     2 |     6 ||     8
  Use: Scroll            |     6 |     5 |    11 |     3 ||    25
       Potion            |       |     2 |     4 |     7 ||    13
 Stab: Sleeping          |    14 |    22 |    23 |     3 ||    62
       Distracted        |     1 |       |     2 |       ||     3
       Invisible         |       |       |       |     6 ||     6
  Eat: Chunk             |       |     6 |     5 |     1 ||    12
       Fruit             |       |     2 |     1 |       ||     3
       Royal jelly       |       |       |     2 |       ||     2
Armor: Skin              |     6 |     4 |    22 |     3 ||    35
Dodge: Dodged            |    21 |    57 |   192 |    53 ||   323
